 Dungeon Crawl Stone Soup version 0.30-a0-311-gf115ab0292 (webtiles) character file.

Game seed: 14214579513316702675

1659 IdlyInterested the Twirler (level 8, -6/60 HPs)
             Began as a Demonspawn Wanderer on Oct 25, 2022.
             Mangled by a steam dragon (9 damage)
             ... on level 7 of the Dungeon.
             The game lasted 00:26:37 (6522 turns).

IdlyInterested the Twirler (Demonspawn Wanderer)    Turns: 6522, Time: 00:26:38

Health: -6/60      AC:  6    Str: 16    XL:     8   Next: 68%
Magic:  12/12      EV: 12    Int: 18    God:
Gold:   86         SH:  0    Dex: 16    Spells: 8/13 levels left

rFire   . . .      SeeInvis .    f - staff of death
rCold   + . .      Faith    .    (no shield)
rNeg    + + .      Spirit   .    K - +0 ring mail
rPois   .          Reflect  .    P - +1 hat
rElec   .          Harm     .    (no cloak)
rCorr   .          Rampage  .    (no gloves)
Will    .....                    (no boots)
Stlth   ++........               (no amulet)
HPRegen 0.30/turn                c - ring of Teyhuxuw {rC+ rN+ Str+3}
MPRegen 0.13/turn                D - +6 ring of dexterity

@: no status effects
A: spiny 2, sturdy frame 1
a: no special abilities


You were on level 7 of the Dungeon.
You visited 2 branches of the dungeon, and saw 8 of its levels.

You collected 323 gold pieces.
You spent 237 gold pieces at shops.

Inventory:

Hand Weapons
 a - a +0 dagger
 j - a +0 quarterstaff
 u - a +2 short sword of flaming
 E - a +1 lajatang of flaming
 Q - a +1 short sword of venom
Missiles
 b - 7 boomerangs
 e - a curare-tipped dart
 v - 32 poisoned darts (quivered)
 x - a throwing net
Armour
 d - a +0 scale mail
 y - a +0 leather armour
 A - a +0 chain mail
 K - a +0 ring mail (worn)
 O - a +0 buckler
 P - a +1 hat (worn)
Magical Staves
 f - a staff of death (weapon)
Jewellery
 c - the ring of Teyhuxuw (left hand) {rC+ rN+ Str+3}
   (You acquired it on level 6 of the Dungeon)

   [ring of protection from cold]

   Str:       It affects your strength (+3).
   rC:        It protects you from cold.
   rN:        It protects you from negative energy.
 q - a ring of fire
 s - a ring of flight
 w - a ring of resist corrosion
 D - a +6 ring of dexterity (right hand)
Wands
 F - a wand of polymorph (5)
 J - a wand of flame (26)
 R - a wand of mindburst (3)
Scrolls
 i - a scroll of blinking
 m - 9 scrolls of teleportation {unknown}
 o - 5 scrolls of poison {unknown}
 p - 4 scrolls of vulnerability {unknown}
 r - 6 scrolls of magic mapping {unknown}
 C - 3 scrolls of noise {unknown}
 G - 2 scrolls of fog {unknown}
 H - a scroll of amnesia {unknown}
 I - 3 scrolls of fear {unknown}
Potions
 g - a potion of cancellation
 h - 4 potions of attraction
 k - 2 potions of curing
 l - a potion of magic
 n - 3 potions of flight
 t - 4 potions of might
 z - 3 potions of heal wounds
 B - 4 potions of haste {unknown}
 L - a potion of invisibility
 M - 2 potions of brilliance
 N - 2 potions of resistance


   Skills:
 + Level 4.1 Fighting
 + Level 6.7 Staves
 - Level 2.0 Throwing
 - Level 2.0 Dodging
 - Level 2.0 Stealth
 - Level 3.0 Spellcasting
 * Level 2.8 Conjurations
 - Level 3.0 Hexes
 - Level 3.0 Necromancy
 * Level 3.4 Evocations


You had 8 spell levels left.
You knew the following spells:

 Your Spells              Type           Power      Damage    Failure   Level
a - Kiss of Death         Conj/Necr      76%        2d11      7%          1
b - Dispel Undead         Necr           20%        3d11      54%         4

Your spell library contained the following spells:

 Spells                   Type           Power      Damage    Failure   Level
 Slow                     Hex            52%        N/A       6%          1
 Ensorcelled Hibernation  Hex/Ice        16%        N/A       19%         2
 Confusing Touch          Hex            13%        N/A       19%         3
 Vampiric Draining        Necr           20%        2d7       19%         3
 Passwall                 Tmut/Erth      1%         N/A       32%         2
 Portal Projectile        Hex/Tloc       16%        N/A       34%         3
 Swiftness                Air            2%         N/A       54%         3
 Summon Forest            Summ/Tloc      1%         N/A       99%         5
 Eringya's Noxious Bog    Tmut/Pois      1%         N/A       100%        6
 Summon Hydra             Summ           1%         N/A       100%        7


Dungeon Overview and Level Annotations

Branches:
Dungeon (7/15)             Temple (1/1) D:7

Altars:
Cheibriados
Dithmenos
Gozag
Hepliaklqana
Kikubaaqudgha
Makhleb
Nemelex Xobeh
Okawaru
Qazlal
Ru
Sif Muna
Uskayaw
Wu Jian
Xom
Yredelemnul

Shops:
D:2 *[=


Innate Abilities, Weirdness & Mutations

You are mostly covered in sharp spines.
Your movements are slightly less encumbered by armour. (ER -2)


Message History

The howler monkey misses you.
You hit the howler monkey.
The howler monkey writhes in agony.
The howler monkey is heavily wounded.
The howler monkey is struck by your spines.
The howler monkey barely misses you.
You hit the howler monkey.
The howler monkey is almost dead.
The howler monkey hoots and howls with incredible vigour!
You closely miss the howler monkey.
The howler monkey is almost dead.
The howler monkey is struck by your spines.
You kill the howler monkey!
M - 2 potions of brilliance (gained 1)
Found an escape hatch in the ceiling.
There is an escape hatch in the ceiling here.
A mysterious force pulls you upwards. The hatch slams shut behind you.
There is a stone staircase leading down here.
You climb downwards.
There is a stone staircase leading up here.
A sourceless malevolence fills the Dungeon... and a teleportation trap spontaneously manifests!
You are yanked towards a nearby monster!
Your surroundings suddenly seem different.
A steam dragon comes into view.
Found a stone staircase leading down.
The steam dragon hisses angrily.
The steam dragon breathes steam at you. The ball of steam hits you!!
You hear a shout!
You hit the steam dragon.
The steam dragon writhes in agony.
The steam dragon is lightly wounded.
You are engulfed in a cloud of scalding steam.
The steam dragon breathes steam at you. The ball of steam hits you!!
* * * LOW HITPOINT WARNING * * *
You closely miss the steam dragon.
The steam dragon is lightly wounded.
You are engulfed in a cloud of scalding steam.
* * * LOW HITPOINT WARNING * * *
The steam dragon bites you!
You die...

# # .#
#.#######.####
##.>...........
#...........###
#.##.###§#### #
#§# #@# #D# #.#
#.# #.# ##+##
..# ##...## ###
##.....##
##.......##
#.........# .


You could see a steam dragon.

Vanquished Creatures
  A shadow (D:6)
  Duvessa (D:6)
  An ogre (D:5)
  2 kobold brigands (D:6)
  4 bullfrogs
  4 scorpions
  A necrophage (D:5)
  Dowan (D:6)
  2 howler monkeys
  2 hounds (D:5)
  An orc priest (D:6)
  4 iguanas
  2 orc wizards
  4 gnolls (D:3)
  9 adders
  A white imp (D:6)
  3 worms
  3 dart slugs
  15 orcs
  8 ball pythons
  11 endoplasms
  4 giant cockroaches
  4 goblins
  4 hobgoblins
  6 jackals
  3 quokkas
  6 bats
  4 frilled lizards
  16 kobolds
  5 rats
132 creatures vanquished.

Vanquished Creatures (others)
  A human (D:4)
1 creature vanquished.

Grand Total: 133 creatures vanquished

Notes
Turn   | Place    | Note
-------+----------+-------------------------------------------
     0 | D:1      | IdlyInterested the Demonspawn Wanderer began the quest for
                  | the Orb.
     0 | D:1      | IdlyInterested set off with the following items: a +0
                  | dagger, 8 boomerangs, a potion of lignification, a +0 robe;
                  | and the following spells available to memorise: Slow, Kiss
                  | of Death, Confusing Touch, Vampiric Draining, Portal
                  | Projectile.
     0 | D:1      | Reached XP level 1. HP: 15/15 MP: 2/2
   181 | D:1      | Learned a level 1 spell: Kiss of Death
   234 | D:1      | Gained mutation: Your movements are slightly less
                  | encumbered by armour. (ER -2) [demonic ancestry]
   234 | D:1      | Reached XP level 2. HP: 7/19 MP: 1/3
   429 | D:1      | Found a faded altar of an unknown god.
   529 | D:1      | Reached skill level 1 in Stealth
   944 | D:2      | Gained mutation: You are partially covered in sharp spines.
                  | [demonic ancestry]
   944 | D:2      | Reached XP level 3. HP: 25/26 MP: 4/4
   972 | D:2      | Found Zivu's Jewellery Shoppe.
  1054 | D:2      | Found Irefem Togu's Assorted Antiques.
  1241 | D:2      | Reached skill level 1 in Staves
  1338 | D:2      | Found Jienarr's Antique Armour Boutique.
  1595 | D:2      | Gained mutation: You are mostly covered in sharp spines.
                  | [demonic ancestry]
  1595 | D:2      | Reached XP level 4. HP: 8/32 MP: 6/6
  1793 | D:2      | Bought a bubbling grey potion for 21 gold pieces
  1793 | D:2      | Bought a scroll labelled ONTIH OFYSEGI for 24 gold pieces
  1793 | D:2      | Bought a scroll labelled NAIFOT HATI for 24 gold pieces
  1793 | D:2      | Bought a scroll labelled VOEK ACKAH for 24 gold pieces
  2009 | D:3      | Found an ornate altar of the Wu Jian Council.
  2376 | D:3      | Reached skill level 2 in Staves
  2656 | D:3      | Reached XP level 5. HP: 27/38 MP: 7/7
  2658 | D:3      | HP: 1/38 [gnoll/+0 spear (6)]
  2739 | D:2      | Bought a scroll labelled VIEMNEISIU for 24 gold pieces
  3360 | D:4      | Reached skill level 3 in Staves
  3360 | D:4      | Reached XP level 6. HP: 14/45 MP: 9/9
  3662 | D:4      | Found an ancient bone altar of Kikubaaqudgha.
  3663 | D:4      | Noticed a human
  3665 | D:4      | Killed a human
  3826 | D:5      | Entered Level 5 of the Dungeon
  3859 | D:5      | Found a stormy altar of Qazlal.
  4011 | D:5      | Reached skill level 1 in Evocations
  4074 | D:5      | Reached skill level 4 in Staves
  4074 | D:5      | Reached XP level 7. HP: 51/51 MP: 11/11
  4125 | D:5      | Found a burning altar of Makhleb.
  4131 | D:5      | Learned a level 4 spell: Dispel Undead
  4207 | D:5      | Found a snail-covered altar of Cheibriados.
  4578 | D:2      | Bought a scroll labelled VOEK ACKAH for 24 gold pieces
  4849 | D:6      | Noticed Duvessa
  4849 | D:6      | Noticed Dowan
  4854 | D:6      | Killed Duvessa
  4855 | D:6      | Reached skill level 5 in Staves
  4855 | D:6      | Reached skill level 1 in Conjurations
  4855 | D:6      | Killed Dowan
  5056 | D:6      | Acquired the ring of Teyhuxuw {rC+ rN+ Str+3}
  5078 | D:6      | Reached XP level 8. HP: 58/58 MP: 12/12
  5296 | D:6      | Reached skill level 6 in Staves
  5721 | D:2      | Bought a glowing iron wand for 96 gold pieces
  5961 | D:7      | Found a staircase to the Ecumenical Temple.
  5970 | Temple   | Entered the Ecumenical Temple
  6522 | D:7      | HP: 3/60 [steam dragon] (9)]
  6522 | D:7      | Mangled by a steam dragon

Illustrated notes

Levels and vault maps discovered:
D:1:      dpeg_arrival_long_road, layout_loops_ring,
          shapermc_ecumenical_altar_petra
D:2:      layout_rooms, serial_shops, nicolae_diamond_shop, shop_statue,
          nicolae_diamond_shop, minmay_tetromino_s2
D:3:      layout_basic, mainiacjoe_overflow_24_doors
D:4:      layout_loops_ring, tgw_kikubaaqudgha, minmay_crossroads
D:5:      layout_rooms, mainiacjoe_overflow_six_doors_small,
          mainiacjoe_overflow_boulevard, marbit_many_paths, grunt_decor_cap,
          kennysheep_generic_room_7
D:6:      layout_rooms, bh_walls_and_bars, uniq_duvessa
D:7:      layout_loops_corners, tso_oasis_becter, mainiacjoe_overflow_paths,
          minmay_temple_entry_large_hall, nicolae_figureground_sparkle
Temple:   minmay_temple_forest_path

Skill      XL: |  1  2  3  4  5  6  7  8 |
---------------+-------------------------+-----
Throwing       | 2 |  2.0
Stealth        | 1 2 |  2.0
Necromancy     | 3 |  3.0
Staves         | 1 2 3 4 5 6 |  6.7
Fighting       | 2 3 4 |  4.1
Spellcasting   | 2 3 |  3.0
Dodging        | 2 |  2.0
Evocations     | 1 2 3 |  3.4
Conjurations   | 1 2 |  2.8
Hexes          | |  3.0

Action                   |  1- 3 |  4- 6 |  7- 9 || total
-------------------------+-------+-------+-------++-------
Melee: Short sword       |     8 |       |       ||     8
       Dagger            |     6 |       |       ||     6
       Punch             |     1 |       |       ||     1
       Quarterstaff      |    76 |    54 |       ||   130
       Lajatang          |       |    43 |    57 ||   100
       Staff             |       |       |    26 ||    26
Throw: Boomerang         |    23 |     6 |     1 ||    30
       Dart              |       |       |     2 ||     2
 Cast: Kiss of Death     |     1 |       |     2 ||     3
  Use: Potion            |       |     5 |     1 ||     6
       Scroll            |       |       |    12 ||    12
 Stab: Sleeping          |     2 |     4 |     3 ||     9
Armor: Robe              |    19 |     9 |       ||    28
       Skin              |       |     9 |       ||     9
       Leather armour    |       |     4 |       ||     4
       Ring mail         |       |     5 |    17 ||    22
Dodge: Dodged            |    55 |    59 |    52 ||   166

Table legend: (Time is in decaauts)
 A = Elapsed time spent in this place.
 B = Non-inter-level travel time spent in this place.
 C = Inter-level travel time spent in this place.
 D = Time resting spent in this place.
 E = Time spent auto-exploring this place.
 F = Levels seen in this place.
 G = Mean time per level.
                   A        B        C        D        E       F      G
               +--------+--------+--------+--------+--------+-----+--------+
         Total |   6584 |   5466 |   1118 |    982 |   2929 |   8 |  823.0 |
       Dungeon |   6170 |   5081 |   1089 |    982 |   2559 |   7 |  881.4 |
        Temple |    413 |    384 |     29 |      0 |    370 |   1 |  413.0 |
               +--------+--------+--------+--------+--------+-----+--------+

Top non-repeatable levels by time:
     D:4: 1176 daAuts
     D:1: 1135 daAuts
     D:3: 978 daAuts
     D:5: 946 daAuts
     D:2: 934 daAuts
     D:6: 729 daAuts
  Temple: 413 daAuts
     D:7: 270 daAuts
